Map: Dusk Towers

Players

TheMagicMan - Winner!

  • Race: Protoss Protoss
  • League: Gold

Grumm

  • Race: Zerg Zerg
  • League: Gold

VOD

Have the link to the VOD?

Description

Time

  • Played on: Feb. 2, 2016, 1:16 p.m.
  • Length: 17:55
Show
View Real Time Build Order
Export as new Build Order

TheMagicMan Protoss - Winner!

Build Orders: Forge Fast Expand (FFE) 

Get SALT Encoding   

  12  0:03  Probe (Chrono Boost)  
  13  0:14  Probe (Chrono Boost)  
  14  0:18  Pylon  
  14  0:27  Probe (Chrono Boost)  
  15  0:41  Forge  
  15  0:51  Probe (Chrono Boost)  
  16  1:02  Probe (Chrono Boost)  
  17  1:05  Pylon  
  17  1:12  Probe (Chrono Boost)  
  18  1:23  Probe (Chrono Boost)  
  19  1:30  Photon Cannon  
  19  1:40  Nexus  
  18  1:52  Photon Cannon  
  18  2:05  Photon Cannon  
  18  2:10  Pylon  
  18  2:24  Photon Cannon  
  18  2:47  Pylon  
  18  2:54  Probe (Chrono Boost)  
  19  3:02  Probe (Chrono Boost)  
  19  3:04  Probe (Chrono Boost)  
  21  3:10  Photon Cannon  
  21  3:12  Photon Cannon  
  21  3:13  Probe (Chrono Boost)  
  21  3:15  Probe (Chrono Boost)  
  23  3:25  Probe (Chrono Boost)  
  23  3:36  Probe (Chrono Boost)  
  24  3:44  Pylon  
  24  3:46  Probe (Chrono Boost)  
  25  3:50  Assimilator  
  25  3:53  Assimilator  
  25  3:57  Gateway, Probe (Chrono Boost)  
  25  4:02  Pylon  
  26  4:07  Probe (Chrono Boost)  
  27  4:17  Probe (Chrono Boost)  
  28  4:28  Probe (Chrono Boost)  
  29  4:34  Photon Cannon  
  29  4:36  Probe (Chrono Boost)  
  30  4:38  Probe (Chrono Boost)  
  30  4:42  Pylon  
  31  4:47  Probe (Chrono Boost)  
  31  4:49  Probe (Chrono Boost)  
  32  4:57  Photon Cannon  
  32  4:58  Probe (Chrono Boost)  
  33  5:04  Zealot  
  35  5:08  Probe (Chrono Boost)  
  35  5:09  Photon Cannon  
  36  5:19  Probe (Chrono Boost)  
  35  5:29  Probe (Chrono Boost)  
  36  5:40  Probe (Chrono Boost)  
  36  5:50  Probe (Chrono Boost)  
  36  5:59  Nexus  
  36  6:02  Assimilator  
  36  6:06  Assimilator  
  36  6:12  Photon Cannon  
  35  6:36  Cybernetics Core  
  35  6:39  Pylon  
  35  6:42  Pylon, Probe (Chrono Boost)  
  36  6:53  Probe (Chrono Boost)  
  37  6:56  Pylon  
  37  6:58  Pylon  
  37  7:03  Probe (Chrono Boost)  
  38  7:17  Probe (Chrono Boost)  
  39  7:22  Stargate  
  39  7:27  Stargate, Probe (Chrono Boost)  
  39  7:29  Stargate  
  40  7:32  Photon Cannon  
  40  7:38  Assimilator  
  40  7:39  Protoss Shields Level 1  
  40  7:44  Protoss Air Weapons Level 1 (Chrono Boost)  
  40  8:06  Zealot  
  40  8:11  Photon Cannon  
  42  8:14  Void Ray x3  
  42  8:19  Photon Cannon  
  54  8:43  Robotics Facility  
  54  8:56  Void Ray  
  54  8:57  Void Ray x2  
  66  9:10  Pylon  
  66  9:17  Protoss Air Armor Level 1 (Chrono Boost)  
  66  9:21  Fleet Beacon  
  66  9:30  Warp Prism (Chrono Boost)  
  68  9:47  Void Ray  
  72  9:56  Void Ray  
  76  10:13  Tempest  
  80  10:36  Void Ray  
  80  10:42  Void Ray  
  88  11:00  Void Ray  
  92  11:22  Void Ray  
  96  11:26  Mothership Core  
  98  11:38  Nexus  
  98  11:56  Pylon  
  98  11:58  Pylon  
  98  12:01  Pylon  
  98  12:08  Void Ray  
  103  12:35  Void Ray x2  
  111  12:47  Protoss Air Weapons Level 2  
  111  13:01  Void Ray  
  115  13:37  Void Ray x2  
  123  13:52  Nexus  
  123  14:07  Pylon  
  123  14:11  Pylon  
  123  14:12  Void Ray  
  123  14:14  Pylon  
  126  14:24  Void Ray x2  
  126  14:31  Pylon  
  134  14:33  Pylon  
  134  14:39  Pylon  
  134  14:41  Pylon  
  134  14:49  Stargate  
  134  14:58  Void Ray  
  138  15:07  Void Ray, Tempest  
  134  16:00  Mothership Core  
  134  16:02  Void Ray  
  134  16:03  Void Ray x2  
  148  16:24  Nexus  
  148  16:50  Void Ray  
Show
View Real Time Build Order
Export as new Build Order

Grumm Zerg 

Build Orders: Pool First 

Get SALT Encoding   

  12  0:01  Drone  
  13  0:26  Drone, Spawning Pool  
  13  0:29  Drone  
  14  0:38  Extractor  
  14  0:40  Overlord  
  13  0:51  Drone  
  14  1:13  Zergling x4  
  14  1:14  Zergling x2, Queen  
  19  1:55  Lair  
  19  1:57  Hatchery  
  18  2:10  Spine Crawler  
  17  2:17  Metabolic Boost, Extractor  
  16  2:23  Drone  
  16  2:43  Zergling x2  
  16  2:44  Zergling x4  
  18  3:19  Drone x3  
  21  3:38  Queen  
  21  3:39  Drone x4  
  27  3:52  Hydralisk Den  
  26  3:57  Overlord  
  25  4:35  Hydralisk  
  25  4:36  Hydralisk x4  
  35  4:39  Spore Crawler  
  35  4:43  Spore Crawler  
  33  4:50  Zergling x2  
  33  4:51  Zergling x2  
  35  5:04  Zergling x2  
  36  5:09  Overlord  
  36  5:18  Overlord x2  
  35  5:52  Hydralisk x4  
  43  6:03  Drone  
  43  6:04  Drone x2  
  46  6:48  Hydralisk x5  
  56  6:58  Drone x3  
  59  7:11  Roach Warren  
  58  7:20  Drone x2  
  60  7:34  Overlord x2  
  60  8:11  Roach  
  60  8:12  Roach x6  
  73  8:31  Spire  
  73  8:32  Drone x2  
  74  8:56  Overlord x2  
  74  9:03  Overlord  
  74  9:11  Hatchery  
  73  9:18  Roach  
  73  9:19  Roach  
  77  9:33  Muscular Augments  
  77  9:37  Drone x3  
  80  9:54  Drone  
  80  9:55  Drone x3  
  84  10:01  Extractor  
  84  10:04  Extractor  
  82  10:09  Zergling x10  
  82  10:10  Zergling x2  
  88  10:23  Overseer  
  88  10:28  Drone x6  
  94  10:38  Corruptor  
  94  10:41  Corruptor  
  98  10:57  Overlord x3  
  98  11:26  Zergling x2  
  98  11:27  Zergling x30  
  114  11:35  Corruptor  
  114  11:37  Corruptor  
  118  12:10  Corruptor  
  118  12:12  Overlord x2  
  120  12:29  Queen  
  120  12:32  Corruptor x2  
  120  12:33  Corruptor x4  
  134  12:48  Evolution Chamber  
  134  12:49  Evolution Chamber, Zerg Flyer Weapons Level 1  
  132  12:52  Drone x5  
  137  13:28  Overlord x2  
  137  13:44  Extractor  
  137  13:46  Extractor  
  135  13:50  Hatchery  
  134  13:59  Overlord x2  
  134  14:00  Drone x8  
  142  14:28  Corruptor  
  142  14:29  Corruptor x7  
  158  14:45  Zerg Missile Weapons Level 1  
  158  14:53  Zerg Ground Armor Level 1  
  158  15:07  Overlord x2  
  158  15:08  Drone x7  
  78  15:55  Corruptor  
  78  15:56  Corruptor x6  
  82  16:00  Extractor  
  82  16:03  Extractor  
  82  16:25  Drone x2  
  84  16:29  Corruptor  
  84  16:30  Corruptor x3  
  92  16:34  Hydralisk x2  
  96  16:53  Spore Crawler  
  95  16:59  Corruptor  
  95  17:00  Corruptor x4  
  95  17:01  Spine Crawler  
  104  17:18  Hydralisk x7  
Tags
 
Add a new tag
Caveats
  • Supply blocks, unpowered buildings, or Contaminate may cause inaccurate times.
  • Supply counts are checked every 10 seconds.